 Dungeon Sprint DCSS version 0.28.0-53-g5a82cb258f (webtiles) character file.

Game seed: 7616499311355685293

6064 Zeld the Sage (level 10, -10/50 HPs)
             Began as a Deep Elf Conjurer on June 4, 2022.
             Was a High Priest of Sif Muna.
             Mangled by Agnes
             ... wielding a +0 lajatang of electrocution
              (11 damage)
             ... in the Dungeon (Sprint IV: "Fedhas' Mad Dash").
             The game lasted 00:06:35 (4731 turns).

Zeld the Sage (Deep Elf Conjurer)                   Turns: 4731, Time: 00:06:36

Health: -10/50     AC:  6    Str:  4    XL:     10   Next: 57%
Magic:  7/32       EV: 15    Int: 28    God:    Sif Muna [*****.]
Gold:   179        SH:  0    Dex: 13    Spells: 14/42 levels left

rFire   + . .      SeeInvis .   a - +8 lance "Wyrmbane" {slay drac, rPois rF+ rC+ AC+3}
rCold   + . .      Faith    .   (no shield)
rNeg    . . .      Spirit   .   l - +0 robe
rPois   +          Reflect  .   (no helmet)
rElec   .          Harm     .   (no cloak)
rCorr   .          Rampage  .   i - +0 pair of gloves
Will    +....      NoTele   +   (no boots)
Stlth   ++........              h - amulet of invisibility {+Inv}
HPRegen 0.16/turn               (no ring)
MPRegen 0.23/turn               (no ring)

@: channelling
A: no striking features
a: Renounce Religion, Evoke Invisibility, Channel Magic, Forget Spell, Divine
Exegesis


You were in the Dungeon.
You worshipped Sif Muna.
Sif Muna was extremely pleased with you.
You visited 1 branch You collected 257 gold pieces.
You spent 78 gold pieces at shops.

Inventory:

Hand Weapons
 a - the +8 lance "Wyrmbane" (weapon) {slay drac, rPois rF+ rC+ AC+3}
   (You found it in the Dungeon)

   It inflicts extra damage against dragons and draconians.
   AC:        It affects your AC (+3).
   rF:        It protects you from fire.
   rC:        It protects you from cold.
   rPois:     It protects you from poison.
Armour
 i - a +0 pair of gloves (worn)
 l - a +0 robe (worn)
Jewellery
 h - the amulet of invisibility (around neck) {+Inv}
   (You found it in the Dungeon)

   [amulet of nothing]

   +Inv:      It lets you turn invisible.
Wands
 k - a wand of iceblast (9)
Scrolls
 j - a scroll of enchant weapon {unknown}
 m - 2 scrolls of amnesia {unknown}
Potions
 b - 2 potions of curing
 d - a potion of haste
 e - a potion of magic
 f - a potion of berserk rage
 n - a potion of invisibility {unknown}


   Skills:
 - Level 8.0 Dodging
 - Level 2.4 Stealth
 + Level 16.9 Spellcasting
 + Level 14.7 Conjurations
 - Level 2.0 Hexes
 - Level 2.0 Translocations
 * Level 17.7 Invocations


You had 14 spell levels left.
You knew the following spells:

 Your Spells              Type           Power      Damage    Failure   Level
a - Magic Dart            Conj           100%       1d8       0%          1
b - Searing Ray           Conj           100%       2d8       0%          2
c - Fulminant Prism       Conj/Hex       31%        3d16      1%          4
d - Iskenderun's Mystic   Conj/Tloc      63%        2d13      1%          4
e - Lightning Bolt        Conj/Air       30%        1d47      2%          5
x - Iskenderun's Battles  Conj           82%        2d13      1%          5
z - Orb of Destruction    Conj           41%        9d11      3%          7

Your spell library contained the following spells:

 Spells                   Type           Power      Damage    Failure   Level
 Beastly Appendage        Tmut           46%        N/A       1%          1
 Dazzling Flash           Conj/Hex       100%       N/A       1%          3
 Sticky Flame             Conj/Fire      60%        2d8       1%          4
 Wereblood                Tmut           23%        N/A       3%          2
 Spider Form              Tmut/Pois      23%        N/A       6%          3
 Iron Shot                Conj/Erth      30%        9d6       14%         6
 Animate Armour           Summ/Erth      46%        N/A       21%         4
 Blade Hands              Tmut           11%        N/A       50%         5


Dungeon Overview and Level Annotations

Branches:
Dungeon (1/1)

Altars:
Cheibriados
Dithmenos
Elyvilon
Gozag
Hepliaklqana
Kikubaaqudgha
Makhleb
Nemelex Xobeh
Okawaru
Qazlal
Ru
Sif Muna
Trog
Uskayaw
Vehumet
Wu Jian
Xom
Yredelemnul
Zin
The Shining One
Beogh
Jiyva
Lugonu

Shops:
D !*((

Annotations:
D Agnes


Message History

Agnes is heavily wounded.
Agnes hits you with a +0 lajatang of electrocution!!
Agnes hits you with a +0 lajatang of electrocution!
* * * LOW HITPOINT WARNING * * *
Unknown command.
Casting: Iskenderun's Mystic Blast (dangerous; 1% risk of failure)
Confirm with . or Enter, or press ? or * to list all spells.
You erupt in a blast of force!
The mystic blast hits the spriggan berserker!
The spriggan berserker is almost dead.
The spriggan berserker is knocked back by the mystic blast.
The spriggan berserker slams into the tree!
You kill the spriggan berserker!
Sif Muna accepts your kill.
The mystic blast hits Agnes!
Agnes is severely wounded.
Agnes is knocked back by the mystic blast.
Agnes slams into the tree!
Agnes is severely wounded.
Unknown command.
Okay, then.
Okay, then.
Okay, then.
You feel better. Agnes misses you. Agnes hits you but does no damage.
Agnes hits you with a +0 lajatang of electrocution!
* * * LOW HITPOINT WARNING * * *
Unknown command.
Okay, then.
Unknown command.
Casting: Iskenderun's Mystic Blast (dangerous; 1% risk of failure)
Confirm with . or Enter, or press ? or * to list all spells.
You erupt in a blast of force!
The mystic blast hits Agnes!
Agnes is almost dead.
Agnes is knocked back by the mystic blast.
Agnes slams into the tree!
Agnes is almost dead.
A spriggan defender comes into view. It is wielding a +1 lajatang of venom.
Agnes hits you with a +0 lajatang of electrocution!
You die...

################################
..#.⌠._._._._.⌠.#..'.).#....##∩#
..'.._._._._._..'..#)..#....'.)#
..#..._._._._...#..###'##.[.##∩#
'##.._._._._._..#.)##∩∩.'...####
..#._._._._._.⌠.#############
..###################......###...
###♣♣♣♣♣..♣.###.@..'......§+.'ii.
.'......♣..♣##..#i.#.P.....######
.#♣..♣♣♣.♣).###)##)##......#
.#.♣♣..♣...♣'.).# .♣########
################# .§ i§§ ..§§
....i ####


You could see Agnes and a spriggan defender (wandering).

Vanquished Creatures
  A spriggan berserker (D)
  A spriggan druid (D)
  6 oklob plants (D)
  A demonic crawler (D)
  3 burning bushes (D)
  A queen bee (D)
  3 wandering mushrooms (D)
  A hornet (D)
  3 scorpions (D)
  4 killer bees (D)
  5 oklob saplings (D)
  5 spriggans (D)
  A river rat (D)
  A rat (D)
  A ballistomycete spore (D)
37 creatures vanquished.

Vanquished Creatures (others)
  28 fulminant prisms (D)
  A fungus (D)
29 creatures vanquished.

Grand Total: 66 creatures vanquished

Notes
Turn   | Place    | Note
-------+----------+-------------------------------------------
     0 | D        | Zeld the Deep Elf Conjurer began the quest for the Orb.
     0 | D        | Reached XP level 1. HP: 10/10 MP: 6/6
     8 | D        | Reached XP level 2. HP: 15/15 MP: 2/9
    13 | D        | Learned a level 2 spell: Searing Ray
   283 | D        | Noticed an oklob sapling
   287 | D        | Killed an oklob sapling
   288 | D        | Reached XP level 3. HP: 19/19 MP: 4/12
   467 | D        | Noticed a scorpion
   467 | D        | Found the amulet of invisibility {+Inv}
   473 | D        | Killed a scorpion
   474 | D        | Reached XP level 4. HP: 13/24 MP: 4/16
   484 | D        | Learned a level 4 spell: Fulminant Prism
   489 | D        | Learned a level 4 spell: Iskenderun's Mystic Blast
   766 | D        | Found an opulent altar of Gozag.
   766 | D        | Found a hazy altar of Hepliaklqana.
   766 | D        | Found a burning altar of Makhleb.
   766 | D        | Found a sparkling altar of Nemelex Xobeh.
   766 | D        | Found a snail-covered altar of Cheibriados.
   766 | D        | Found a sacrificial altar of Ru.
   766 | D        | Found a shimmering blue altar of Sif Muna.
   766 | D        | Found a shimmering altar of Xom.
   766 | D        | Found a basalt altar of Yredelemnul.
   767 | D        | Found a viscous altar of Jiyva.
   767 | D        | Found a bloodstained altar of Trog.
   767 | D        | Found an ornate altar of the Wu Jian Council.
   768 | D        | Found an iron altar of Okawaru.
   768 | D        | Found a shadowy altar of Dithmenos.
   768 | D        | Found a glowing silver altar of Zin.
   769 | D        | Found a hide-covered altar of Uskayaw.
   769 | D        | Found an ancient bone altar of Kikubaaqudgha.
   770 | D        | Found a glowing golden altar of the Shining One.
   770 | D        | Found a stormy altar of Qazlal.
   770 | D        | Found a white marble altar of Elyvilon.
   771 | D        | Found a radiant altar of Vehumet.
   771 | D        | Found a corrupted altar of Lugonu.
   773 | D        | Became a worshipper of Sif Muna the Loreminder
   778 | D        | Reached skill level 3 in Invocations
   778 | D        | Reached XP level 5. HP: 28/28 MP: 12/18
   925 | D        | Reached skill level 4 in Invocations
  1061 | D        | Reached * piety under Sif Muna
  1062 | D        | Reached skill level 5 in Invocations
  1206 | D        | Noticed a queen bee
  1215 | D        | Reached skill level 5 in Dodging
  1215 | D        | Reached skill level 6 in Invocations
  1215 | D        | Reached XP level 6. HP: 32/32 MP: 10/20
  1216 | D        | Reached ** piety under Sif Muna
  1217 | D        | Reached skill level 10 in Spellcasting
  1217 | D        | Reached skill level 7 in Invocations
  1432 | D        | Killed a queen bee
  1433 | D        | Reached skill level 8 in Invocations
  1433 | D        | Reached XP level 7. HP: 36/36 MP: 4/23
  1811 | D        | Reached skill level 10 in Conjurations
  1811 | D        | Reached skill level 9 in Invocations
  1814 | D        | Reached *** piety under Sif Muna
  1911 | D        | Found Kagot's General Store.
  1911 | D        | Found Qoungausk's Distillery.
  1997 | D        | Bought a potion of curing for 36 gold pieces
  1998 | D        | Bought a potion of curing for 42 gold pieces
  2110 | D        | Noticed a burning bush
  2110 | D        | Noticed a wandering mushroom
  2114 | D        | Noticed a wandering mushroom
  2117 | D        | Killed a wandering mushroom
  2118 | D        | Reached skill level 10 in Invocations
  2120 | D        | Killed a wandering mushroom
  2121 | D        | Reached skill level 11 in Invocations
  2121 | D        | Reached XP level 8. HP: 41/41 MP: 1/26
  2261 | D        | Killed a burning bush
  2261 | D        | Reached **** piety under Sif Muna
  2262 | D        | Reached skill level 12 in Invocations
  2312 | D        | Found Zuegriy's Antique Weapon Emporium.
  2312 | D        | Found Oddoqin's Weapon Shoppe.
  2312 | D        | Found the +8 arc blade {discharge, rElec}
  2487 | D        | Noticed a burning bush
  2785 | D        | Killed a burning bush
  2830 | D        | Noticed an oklob plant
  3139 | D        | Killed an oklob plant
  3140 | D        | Reached skill level 13 in Invocations
  3140 | D        | Reached XP level 9. HP: 45/45 MP: 12/28
  3165 | D        | Noticed a burning bush
  3165 | D        | Noticed an oklob plant
  3313 | D        | Killed a burning bush
  3461 | D        | Noticed a wandering mushroom
  3461 | D        | Found the +8 lance "Wyrmbane" {slay drac, rPois rF+ rC+
                  | AC+3}
  3474 | D        | Killed a wandering mushroom
  3474 | D        | Killed an oklob plant
  3474 | D        | Reached ***** piety under Sif Muna
  3475 | D        | Reached skill level 14 in Invocations
  3596 | D        | Noticed a spriggan druid
  3599 | D        | Killed a spriggan druid
  3600 | D        | Reached skill level 15 in Spellcasting
  3600 | D        | Reached skill level 15 in Invocations
  4208 | D        | Noticed an oklob plant conjurer
  4211 | D        | Killed an oklob plant conjurer
  4302 | D        | Noticed an oklob plant
  4302 | D        | Noticed an oklob plant summoner
  4303 | D        | Noticed an oklob plant shifter
  4311 | D        | Killed an oklob plant summoner
  4311 | D        | Received a gift from Sif Muna
  4311 | D        | Killed an oklob plant shifter
  4312 | D        | Reached skill level 16 in Invocations
  4312 | D        | Reached XP level 10. HP: 50/50 MP: 15/31
  4313 | D        | Killed an oklob plant
  4317 | D        | Got Hakid's Incunabulum of the Birds and Confrontation {god
                  | gift}
  4324 | D        | Learned a level 5 spell: Lightning Bolt
  4332 | D        | Learned a level 7 spell: Orb of Destruction
  4338 | D        | Learned a level 5 spell: Iskenderun's Battlesphere
  4525 | D        | Noticed a spriggan rider
  4542 | D        | Reached skill level 17 in Invocations
  4720 | D        | Noticed Agnes
  4726 | D        | Noticed a spriggan berserker
  4728 | D        | Killed a spriggan berserker
  4730 | D        | HP: 1/50 [Agnes/+0 lajatang of electrocution (16)]
  4731 | D        | Noticed a spriggan defender
  4731 | D        | Mangled by Agnes

Illustrated notes

Levels and vault maps discovered:
D:        dungeon_sprint_fedhas [sprint_temple]

Skill      XL: |  1  2  3  4  5  6  7  8  9 10 |
---------------+-------------------------------+-----
Spellcasting   | 4 6 8 9 11 12 13 15 16 | 16.9
Hexes          | 2 |  2.0
Translocations | 2 |  2.0
Conjurations   | 6 7 8 9 11 12 13 14 | 14.7
Dodging        | 3 5 7 8 |  8.0
Invocations    | 3 6 8 11 13 16 17 | 17.7
Stealth        | |  2.4

Action                   |  1- 3 |  4- 6 |  7- 9 | 10-12 || total
-------------------------+-------+-------+-------+-------++-------
Melee: Unarmed           |       |     1 |       |       ||     1
 Cast: Magic Dart        |     5 |       |       |       ||     5
       Searing Ray       |     3 |     3 |     5 |     1 ||    12
       Iskenderun's Myst |       |     7 |    21 |    22 ||    50
       Fulminant Prism   |       |       |    28 |       ||    28
       Lightning Bolt    |       |       |       |     1 ||     1
Invok: Channel Magic     |       |       |       |     1 ||     1
 Abil: Evoke Invisibilit |       |     5 |     9 |       ||    14
  Use: Potion            |       |       |       |     4 ||     4
       Scroll            |       |       |       |     1 ||     1
 Stab: Invisible         |       |     1 |       |       ||     1
Armor: Robe              |       |       |       |     3 ||     3
Dodge: Dodged            |     3 |    10 |     2 |     7 ||    22
